Lightning vs Canadiens

Created - November-12-12 at 18:23

Goals
1 2 3 T
Lightning 1 0 0 1
Canadiens 1 2 0 3
Shots
1 2 3 T
Lightning 5 6 4 15
Canadiens 6 10 7 23

1st period

1. Lightning , Patrick Kane 4 (Brent Seabrook, Andrej Meszaros) at 5:19
2. Canadiens , Brandon Dubinsky 1 (Dustin Byfuglien, Andrei Kostitsyn) at 12:38

Penalties :
Brandon Dubinsky (MTL) for Roughing (Double Minor) at 5:36, Tim Gleason (TBL) for High sticking (Minor) at 17:20

2nd period

3. Canadiens , Jordan Eberle 3 (Travis Hamonic, Jonathan Toews) at 0:03
4. Canadiens , Jonathan Toews 12 (Dustin Byfuglien, Logan Couture) at 3:00 (PP)

Penalties :
Tim Gleason (TBL) for Interference (Minor) at 1:27, Travis Hamonic (MTL) for Roughing (Minor) at 4:46, Dustin Byfuglien (MTL) for Hooking (Minor) at 11:05, Travis Hamonic (MTL) for High sticking (Minor) at 19:07

3rd period

No Goal

Penalties :
Dustin Byfuglien (MTL) for Hooking (Minor) at 3:55, Jordan Eberle (MTL) for Hooking (Minor) at 7:20, David Clarkson (MTL) for Tripping (Minor) at 18:04

Goalie Stats

Jaroslav Halak (TBL), 20 saves from 23 shots - (0.870), L, 7-8-1, 60:00 minutes
Jonas Hiller (MTL), 14 saves from 15 shots - (0.933), W, 9-8-2, 60:00 minutes

Players Stats for Lightning

Player Name              G  A  P  +/- PIM S  H  SB GA TA FO     MP     PP MP  PK MP  
------------------------------------------------------------------------------------
Andrej Meszaros          0  1  1   0  0   0  1  1  0  0  0/0    21:44   6:03   1:39 
Andrew Brunette          0  0  0   0  0   0  0  0  0  0  0/1     7:37   0:11   0:00 
Brent Seabrook           0  1  1   0  0   2  1  0  0  0  0/0    25:30   9:08   1:53 
Jaroslav Spacek          0  0  0   0  0   1  0  1  0  0  0/0    18:43   5:57   1:48 
Josh Gorges              0  0  0  -1  0   0  3  5  0  0  0/0    17:03   0:00   1:24 
Marek Zidlicky           0  0  0   0  0   1  1  0  0  0  0/0    20:01   8:43   0:20 
Martin Havlat            0  0  0   0  0   0  0  0  0  0  0/0    17:36   6:35   0:00 
Martin St. Louis         0  0  0  -1  0   1  3  0  0  0  0/1    20:23   9:03   0:00 
Mike Knuble              0  0  0   0  0   1  1  0  0  0  0/0     7:26   0:00   0:00 
Nick Spaling             0  0  0   0  0   0  0  0  0  0  1/2     9:01   0:00   1:35 
Patrick Kane             1  0  1  -1  0   4  1  0  0  0  10/32  22:20   9:03   1:57 
Patrick Sharp            0  0  0  -1  0   1  6  1  0  0  0/1    22:20   9:03   1:57 
Paul Stastny             0  0  0   0  0   0  1  0  0  0  9/21   17:38   6:46   0:00 
Petr Sykora              0  0  0   0  0   0  0  0  0  0  1/1    10:52   0:00   0:00 
Scott Hartnell           0  0  0   0  0   1  0  0  0  0  0/0    17:36   6:35   0:00 
Teddy Purcell            0  0  0   0  0   0  0  0  0  0  0/0    10:52   0:00   0:00 
Tim Gleason              0  0  0  -1  4   1  2  0  0  0  0/0    16:57   1:47   0:00 
Tomas Plekanec           0  0  0   0  0   2  0  0  0  0  5/9    12:47   0:11   1:35 

Players Stats for Canadiens

Player Name              G  A  P  +/- PIM S  H  SB GA TA FO     MP     PP MP  PK MP  
------------------------------------------------------------------------------------
Alex Goligoski           0  0  0  -1  0   0  1  1  0  0  0/0    18:02   0:45   4:32 
Andrei Kostitsyn         0  1  1   1  0   0  0  0  0  0  0/0    10:28   0:00   0:00 
Andy McDonald            0  0  0  -1  0   2  0  0  0  0  0/1    13:01   1:34   0:12 
Boyd Gordon              0  0  0   0  0   2  0  0  0  0  6/10   11:38   0:00   6:34 
Brandon Dubinsky         1  0  1   1  4   1  2  0  0  0  2/7    11:12   0:00   0:45 
Cal Clutterbuck          0  0  0   0  0   0  0  0  0  0  0/0     5:04   0:00   0:00 
David Clarkson           0  0  0   1  2   1  2  0  0  0  0/0    10:27   0:00   0:00 
Dennis Wideman           0  0  0   1  0   0  0  1  0  0  0/0    23:59   1:58   8:02 
Derek Morris             0  0  0  -1  0   1  1  0  0  0  0/0    13:09   0:00   0:24 
Dustin Byfuglien         0  2  2   1  4   0  0  0  0  0  0/0    21:19   1:58   5:28 
Jonathan Toews           1  1  2   1  0   3  1  0  0  0  25/34  24:18   1:58   8:28 
Jordan Eberle            1  0  1   1  2   1  0  0  0  0  0/0    15:49   1:58   0:00 
Logan Couture            0  1  1   1  0   5  0  0  0  0  1/1    24:26   1:58   8:36 
Marc-Edouard Vlasic      0  0  0   1  0   0  1  2  0  0  0/0    21:12   0:49   7:08 
Mason Raymond            0  0  0   0  0   0  0  0  0  0  1/1     5:04   0:00   0:00 
Pascal Dupuis            0  0  0  -1  0   5  1  0  0  0  0/0    18:53   1:34   6:04 
Pavel Datsyuk            0  0  0  -1  0   2  0  0  0  0  7/14   14:28   1:34   0:59 
Travis Hamonic           0  1  1   1  4   0  2  0  0  0  0/0    21:35   1:34   6:04 

3 Stars

1 - Jonathan Toews (MTL)
2 - Jonas Hiller (MTL)
3 - Patrick Kane (TBL)

Power Play

Lightning - 0 on 8 Attempt(s) - 0.00%
Canadiens - 1 on 2 Attempt(s) - 50.00%

Penalty Kill

Lightning - 1 on 2 Attempt(s) - 50.00% - Score 0 goal in Penalty Kill
Canadiens - 8 on 8 Attempt(s) - 100.00% - Score 0 goal in Penalty Kill

Official

Referees : Rob Martell and Don VanMassenhoven
Linesman : Ryan Galloway and Thor Nelson

Game Notes

No Game Note

Finance

Level 1 -- Attendance: 6239 (95.98%) -- Ticket Income $623,900
Level 2 -- Attendance: 5000 (100.00%) -- Ticket Income $300,000
Level 3 -- Attendance: 3500 (100.00%) -- Ticket Income $122,500
Level 4 -- Attendance: 3276 (62.13%) -- Ticket Income $65,520
Luxury Box -- Attendance: 1000 (100.00%) -- Ticket Income $175,000
Game was played at the Bell Centre
Total Attendance: 19015 (89.39%)
Total Ticket Income: $1,286,920
Other Income: $193,038
Total Income: $1,479,958


% Time on Ice - Lightning

Lines # - Real PCT - Wanted PCT - Time Play
Normal Forward
1 - 28% - 35% - 11:20
2 - 27% - 30% - 11:01
3 - 27% - 25% - 10:52
4 - 18% - 10% - 7:26
Normal Defense
1 - 35% - 40% - 14:02
2 - 37% - 30% - 15:12
3 - 27% - 20% - 10:58
4 - 1% - 10% - 0:27
PP Forward
1 - 57% - 60% - 9:03
2 - 43% - 40% - 6:46
PP Defense
1 - 61% - 60% - 9:35
2 - 39% - 40% - 6:14
PK Forward
1 - 55% - 50% - 1:57
2 - 45% - 50% - 1:35
PK Defense
1 - 53% - 60% - 1:53
2 - 47% - 40% - 1:39
PK3 Forward
1 - 0% - 50%
2 - 0% - 50%
PK3 Defense
1 - 0% - 60%
2 - 0% - 40%
44 Forward
1 - 0% - 60%
2 - 0% - 40%
44 Defense
1 - 0% - 60%
2 - 0% - 40%
Last Minute Offensive  - 0:00
Last Minute Defensive  - 0:00
Total
Forward - 60:00
Defense - 60:00

% Time on Ice - Canadiens

Lines # - Real PCT - Wanted PCT - Time Play
Normal Forward
1 - 34% - 40% - 13:52
2 - 28% - 30% - 11:15
3 - 26% - 20% - 10:28
4 - 12% - 10% - 5:04
Normal Defense
1 - 34% - 40% - 13:59
2 - 34% - 30% - 13:55
3 - 31% - 20% - 12:45
4 - 0% - 10% - 0:00
PP Forward
1 - 56% - 60% - 1:58
2 - 44% - 40% - 1:34
PP Defense
1 - 56% - 60% - 1:58
2 - 44% - 40% - 1:34
PK Forward
1 - 62% - 60% - 9:45
2 - 38% - 40% - 6:04
PK Defense
1 - 51% - 60% - 8:02
2 - 49% - 40% - 7:47
PK3 Forward
1 - 0% - 60%
2 - 0% - 40%
PK3 Defense
1 - 0% - 60%
2 - 0% - 40%
44 Forward
1 - 0% - 60%
2 - 0% - 40%
44 Defense
1 - 0% - 60%
2 - 0% - 40%
Last Minute Offensive  - 0:00
Last Minute Defensive  - 0:00
Total
Forward - 60:00
Defense - 60:00

Play by Play

1st period


0:01 of 1st period - Patrick Kane wins face-off versus Jonathan Toews in neutral zone.
0:08 of 1st period - Off-side.
0:09 of 1st period - Tomas Plekanec wins face-off versus Pavel Datsyuk in neutral zone.
0:18 of 1st period - Icing by Marc-Edouard Vlasic.
0:19 of 1st period - Paul Stastny wins face-off versus Pavel Datsyuk in Canadiens zone.
1:23 of 1st period - Shot by Martin St. Louis.
1:23 of 1st period - Shot Hit the Post.
1:25 of 1st period - Shot by Patrick Sharp.
1:25 of 1st period - Shot Misses the Net.
1:33 of 1st period - Shot by Brent Seabrook.
1:33 of 1st period - Shot Misses the Net.
2:25 of 1st period - Shot by David Clarkson.
2:25 of 1st period - Shot Misses the Net.
2:40 of 1st period - Icing by Derek Morris.
2:41 of 1st period - Nick Spaling wins face-off versus Brandon Dubinsky in Canadiens zone.
2:46 of 1st period - Shot by Mike Knuble.
2:46 of 1st period - Shot Misses the Net.
3:13 of 1st period - Icing by Marek Zidlicky.
3:14 of 1st period - Mason Raymond wins face-off versus Nick Spaling in Lightning zone.
3:56 of 1st period - Shot by Boyd Gordon.
3:56 of 1st period - Shot Misses the Net.
4:35 of 1st period - Dennis Wideman is hit by Martin St. Louis and loses puck.
4:44 of 1st period - Travis Hamonic is hit by Patrick Sharp and loses puck.
4:56 of 1st period - Dennis Wideman is hit by Andrej Meszaros and loses puck.
5:02 of 1st period - Icing by Patrick Kane.
5:03 of 1st period - Patrick Kane wins face-off versus Andy McDonald in Lightning zone.
5:03 of 1st period - Patrick Kane is hit by Pascal Dupuis.
5:11 of 1st period - Shot by Andy McDonald.
5:11 of 1st period - Shot Misses the Net.
5:17 of 1st period - Shot by Brent Seabrook.
5:17 of 1st period - Shot Misses the Net.
5:19 of 1st period - Shot by Patrick Kane.
5:19 of 1st period - Goal by Patrick Kane - Lightning : 1 - Canadiens : 0.
5:20 of 1st period - Tomas Plekanec wins face-off versus Brandon Dubinsky in neutral zone.
5:35 of 1st period - Tim Gleason is hit by David Clarkson and loses puck.
5:36 of 1st period - Double Minor Penalty to Brandon Dubinsky for Roughing.
5:37 of 1st period - Jonathan Toews wins face-off versus Paul Stastny in Canadiens zone.
8:04 of 1st period - Shot by Martin St. Louis.
8:04 of 1st period - Stopped by Jonas Hiller with a rebound.
8:27 of 1st period - Off-side.
8:28 of 1st period - Jonathan Toews wins face-off versus Paul Stastny in neutral zone.
8:38 of 1st period - Shot by Logan Couture.
8:38 of 1st period - Stopped by Jaroslav Halak without a rebound.
8:39 of 1st period - Patrick Kane wins face-off versus Boyd Gordon in Lightning zone.
8:59 of 1st period - Shot by Martin St. Louis.
8:59 of 1st period - Deflect By Patrick Kane.
8:59 of 1st period - Stopped by Jonas Hiller without a rebound.
9:00 of 1st period - Paul Stastny wins face-off versus Boyd Gordon in Canadiens zone.
9:05 of 1st period - Shot by Brent Seabrook.
9:05 of 1st period - Stopped by Jonas Hiller without a rebound.
9:06 of 1st period - Jonathan Toews wins face-off versus Paul Stastny in Canadiens zone.
9:24 of 1st period - Shot by Scott Hartnell.
9:24 of 1st period - Stopped by Jonas Hiller without a rebound.
9:25 of 1st period - Boyd Gordon wins face-off versus Patrick Kane in Canadiens zone.
9:31 of 1st period - Icing by Brent Seabrook.
9:32 of 1st period - Jonathan Toews wins face-off versus Patrick Kane in Lightning zone.
9:32 of 1st period - Jonathan Toews is hit by Marek Zidlicky.
10:17 of 1st period - Shot by Nick Spaling.
10:17 of 1st period - Shot Misses the Net.
10:19 of 1st period - Shot by Mike Knuble.
10:19 of 1st period - Shot Misses the Net.
10:45 of 1st period - Shot by Tomas Plekanec.
10:45 of 1st period - Shot Misses the Net.
10:47 of 1st period - Shot by Brent Seabrook.
10:47 of 1st period - Shot Blocked by Alex Goligoski.
11:42 of 1st period - Icing by Travis Hamonic.
11:43 of 1st period - Jonathan Toews wins face-off versus Paul Stastny in Canadiens zone.
11:47 of 1st period - Travis Hamonic is hit by Josh Gorges and loses puck.
11:54 of 1st period - Shot by Logan Couture.
11:54 of 1st period - Stopped by Jaroslav Halak without a rebound.
11:55 of 1st period - Brandon Dubinsky wins face-off versus Patrick Kane in Lightning zone.
12:38 of 1st period - Shot by Brandon Dubinsky.
12:38 of 1st period - Goal by Brandon Dubinsky - Lightning : 1 - Canadiens : 1.
12:39 of 1st period - Paul Stastny wins face-off versus Jonathan Toews in neutral zone.
13:54 of 1st period - Shot by Boyd Gordon.
13:54 of 1st period - Shot Blocked by Jaroslav Spacek.
14:00 of 1st period - Shot by Boyd Gordon.
14:00 of 1st period - Stopped by Jaroslav Halak without a rebound.
14:01 of 1st period - Pavel Datsyuk wins face-off versus Patrick Kane in Lightning zone.
14:02 of 1st period - Shot by Pascal Dupuis.
14:02 of 1st period - Shot Misses the Net.
14:04 of 1st period - Shot by Derek Morris.
14:04 of 1st period - Shot Blocked by Josh Gorges.
14:06 of 1st period - Shot by Derek Morris.
14:06 of 1st period - Shot Misses the Net.
14:08 of 1st period - Shot by Pavel Datsyuk.
14:08 of 1st period - Shot Blocked by Josh Gorges.
14:10 of 1st period - Shot by Derek Morris.
14:10 of 1st period - Stopped by Jaroslav Halak without a rebound.
14:11 of 1st period - Tomas Plekanec wins face-off versus Brandon Dubinsky in Lightning zone.
15:55 of 1st period - Shot by Andrej Meszaros.
15:55 of 1st period - Shot Misses the Net.
17:20 of 1st period - Minor Penalty to Tim Gleason for High sticking.
17:21 of 1st period - Patrick Kane wins face-off versus Pavel Datsyuk in Lightning zone.
17:34 of 1st period - Shot by Pavel Datsyuk.
17:34 of 1st period - Stopped by Jaroslav Halak without a rebound.
17:35 of 1st period - Pavel Datsyuk wins face-off versus Patrick Kane in Lightning zone.
17:59 of 1st period - Icing by Andy McDonald.
18:00 of 1st period - Pavel Datsyuk wins face-off versus Patrick Kane in Canadiens zone.
18:00 of 1st period - Pavel Datsyuk is hit by Patrick Sharp.
19:27 of 1st period - Icing by Pavel Datsyuk.
19:28 of 1st period - Boyd Gordon wins face-off versus Paul Stastny in Canadiens zone.
19:43 of 1st period - Shot by Cal Clutterbuck.
19:43 of 1st period - Shot Blocked by Andrej Meszaros.

2nd period


0:01 of 2nd period - Jonathan Toews wins face-off versus Patrick Kane in neutral zone.
0:01 of 2nd period - Travis Hamonic is hit by Patrick Sharp.
0:03 of 2nd period - Shot by Jordan Eberle.
0:03 of 2nd period - Goal by Jordan Eberle - Lightning : 1 - Canadiens : 2.
0:04 of 2nd period - Patrick Kane wins face-off versus Jonathan Toews in neutral zone.
0:21 of 2nd period - Shot by Jonathan Toews.
0:21 of 2nd period - Stopped by Jaroslav Halak without a rebound.
0:22 of 2nd period - Tomas Plekanec wins face-off versus Pavel Datsyuk in Lightning zone.
0:35 of 2nd period - Shot by Andy McDonald.
0:35 of 2nd period - Shot Misses the Net.
1:00 of 2nd period - Pavel Datsyuk is hit by Tim Gleason and loses puck.
1:27 of 2nd period - Minor Penalty to Tim Gleason for Interference.
1:28 of 2nd period - Patrick Kane wins face-off versus Jonathan Toews in Lightning zone.
2:34 of 2nd period - Shot by Pascal Dupuis.
2:34 of 2nd period - Shot Misses the Net.
2:36 of 2nd period - Shot by Pavel Datsyuk.
2:36 of 2nd period - Deflect By Pascal Dupuis.
2:36 of 2nd period - Stopped by Jaroslav Halak without a rebound.
2:37 of 2nd period - Logan Couture wins face-off versus Tomas Plekanec in Lightning zone.
2:58 of 2nd period - Shot by Jonathan Toews.
2:58 of 2nd period - Shot Blocked by Josh Gorges.
3:00 of 2nd period - Shot by Jonathan Toews.
3:00 of 2nd period - Goal by Jonathan Toews - Lightning : 1 - Canadiens : 3.
3:01 of 2nd period - Paul Stastny wins face-off versus Boyd Gordon in neutral zone.
3:49 of 2nd period - Icing by Cal Clutterbuck.
3:50 of 2nd period - Boyd Gordon wins face-off versus Patrick Kane in Canadiens zone.
4:04 of 2nd period - Icing by Andrej Meszaros.
4:05 of 2nd period - Jonathan Toews wins face-off versus Patrick Kane in Lightning zone.
4:14 of 2nd period - Shot by Logan Couture.
4:14 of 2nd period - Stopped by Jaroslav Halak without a rebound.
4:15 of 2nd period - Jonathan Toews wins face-off versus Tomas Plekanec in Lightning zone.
4:34 of 2nd period - Shot by Logan Couture.
4:34 of 2nd period - Shot Blocked by Josh Gorges.
4:45 of 2nd period - Tomas Plekanec is hit by Travis Hamonic and loses puck.
4:46 of 2nd period - Minor Penalty to Travis Hamonic for Roughing.
4:47 of 2nd period - Patrick Kane wins face-off versus Jonathan Toews in Canadiens zone.
4:58 of 2nd period - Shot by Marek Zidlicky.
4:58 of 2nd period - Stopped by Jonas Hiller without a rebound.
4:59 of 2nd period - Jonathan Toews wins face-off versus Patrick Kane in Canadiens zone.
5:01 of 2nd period - Alex Goligoski is hit by Martin St. Louis and loses puck.
5:12 of 2nd period - Shot by Marek Zidlicky.
5:12 of 2nd period - Shot Misses the Net.
5:14 of 2nd period - Shot by Patrick Sharp.
5:14 of 2nd period - Stopped by Jonas Hiller without a rebound.
5:15 of 2nd period - Jonathan Toews wins face-off versus Paul Stastny in Canadiens zone.
5:47 of 2nd period - Shot by Jaroslav Spacek.
5:47 of 2nd period - Stopped by Jonas Hiller without a rebound.
5:48 of 2nd period - Jonathan Toews wins face-off versus Patrick Kane in Canadiens zone.
5:48 of 2nd period - Dustin Byfuglien is hit by Patrick Sharp and loses puck.
6:23 of 2nd period - Shot by Patrick Kane.
6:23 of 2nd period - Stopped by Jonas Hiller with a rebound.
7:07 of 2nd period - Shot by David Clarkson.
7:07 of 2nd period - Shot Misses the Net.
7:30 of 2nd period - Icing by Travis Hamonic.
7:31 of 2nd period - Brandon Dubinsky wins face-off versus Tomas Plekanec in Canadiens zone.
7:41 of 2nd period - Off-side.
7:42 of 2nd period - Jonathan Toews wins face-off versus Patrick Kane in neutral zone.
8:49 of 2nd period - Martin St. Louis is hit by Alex Goligoski and loses puck.
9:06 of 2nd period - Shot by Andy McDonald.
9:06 of 2nd period - Stopped by Jaroslav Halak with a rebound.
9:08 of 2nd period - Shot by Derek Morris.
9:08 of 2nd period - Shot Misses the Net.
9:10 of 2nd period - Shot by Pavel Datsyuk.
9:10 of 2nd period - Deflect By Pascal Dupuis.
9:10 of 2nd period - Stopped by Jaroslav Halak with a rebound.
9:12 of 2nd period - Shot by Pavel Datsyuk.
9:12 of 2nd period - Deflect By Pascal Dupuis.
9:12 of 2nd period - Stopped by Jaroslav Halak with a rebound.
9:14 of 2nd period - Shot by Pavel Datsyuk.
9:14 of 2nd period - Stopped by Jaroslav Halak without a rebound.
9:15 of 2nd period - Paul Stastny wins face-off versus Brandon Dubinsky in Lightning zone.
9:15 of 2nd period - Paul Stastny is hit by David Clarkson.
9:18 of 2nd period - Tim Gleason is hit by Brandon Dubinsky and loses puck.
9:29 of 2nd period - Shot by David Clarkson.
9:29 of 2nd period - Stopped by Jaroslav Halak with a rebound.
10:20 of 2nd period - Icing by Josh Gorges.
10:21 of 2nd period - Paul Stastny wins face-off versus Jonathan Toews in Lightning zone.
10:49 of 2nd period - Tomas Plekanec is hit by Marc-Edouard Vlasic and loses puck.
11:05 of 2nd period - Minor Penalty to Dustin Byfuglien for Hooking.
11:06 of 2nd period - Jonathan Toews wins face-off versus Patrick Kane in Canadiens zone.
11:38 of 2nd period - Shot by Brent Seabrook.
11:38 of 2nd period - Shot Misses the Net.
12:15 of 2nd period - Shot by Jaroslav Spacek.
12:15 of 2nd period - Shot Blocked by Marc-Edouard Vlasic.
12:17 of 2nd period - Shot by Jaroslav Spacek.
12:17 of 2nd period - Shot Misses the Net.
13:01 of 2nd period - Tim Gleason is hit by Brandon Dubinsky and loses puck.
13:05 of 2nd period - Icing by Tim Gleason.
13:06 of 2nd period - Boyd Gordon wins face-off versus Andrew Brunette in Lightning zone.
13:18 of 2nd period - Off-side.
13:19 of 2nd period - Tomas Plekanec wins face-off versus Pavel Datsyuk in neutral zone.
13:26 of 2nd period - Andy McDonald is hit by Brent Seabrook and loses puck.
13:45 of 2nd period - Shot by Tomas Plekanec.
13:45 of 2nd period - Stopped by Jonas Hiller without a rebound.
13:46 of 2nd period - Jonathan Toews wins face-off versus Paul Stastny in Canadiens zone.
14:12 of 2nd period - Shot by Jordan Eberle.
14:12 of 2nd period - Shot Misses the Net.
15:15 of 2nd period - Shot by Pavel Datsyuk.
15:15 of 2nd period - Shot Misses the Net.
15:28 of 2nd period - Patrick Kane is hit by Travis Hamonic and loses puck.
15:46 of 2nd period - Brandon Dubinsky is hit by Josh Gorges and loses puck.
16:20 of 2nd period - Tomas Plekanec is hit by Derek Morris.
16:34 of 2nd period - Shot by Boyd Gordon.
16:34 of 2nd period - Shot Misses the Net.
17:03 of 2nd period - Boyd Gordon is hit by Mike Knuble and loses puck.
17:08 of 2nd period - Shot by Nick Spaling.
17:08 of 2nd period - Deflect By Mike Knuble.
17:08 of 2nd period - Stopped by Jonas Hiller without a rebound.
17:09 of 2nd period - Jonathan Toews wins face-off versus Patrick Kane in Canadiens zone.
17:09 of 2nd period - Jonathan Toews is hit by Patrick Sharp.
17:14 of 2nd period - Logan Couture is hit by Patrick Sharp and loses puck.
17:21 of 2nd period - Shot by Patrick Kane.
17:21 of 2nd period - Shot Misses the Net.
17:26 of 2nd period - Icing by Dustin Byfuglien.
17:27 of 2nd period - Paul Stastny wins face-off versus Jonathan Toews in Canadiens zone.
18:12 of 2nd period - Icing by Brent Seabrook.
18:13 of 2nd period - Pavel Datsyuk wins face-off versus Paul Stastny in Lightning zone.
19:07 of 2nd period - Minor Penalty to Travis Hamonic for High sticking.
19:08 of 2nd period - Jonathan Toews wins face-off versus Paul Stastny in Canadiens zone.
19:56 of 2nd period - Shot by Andrej Meszaros.
19:56 of 2nd period - Shot Misses the Net.

3rd period


0:01 of 3rd period - Jonathan Toews wins face-off versus Patrick Kane in neutral zone.
1:06 of 3rd period - Shot by Scott Hartnell.
1:06 of 3rd period - Shot Misses the Net.
2:01 of 3rd period - Andy McDonald is hit by Tim Gleason and loses puck.
3:13 of 3rd period - Icing by Alex Goligoski.
3:14 of 3rd period - Jonathan Toews wins face-off versus Patrick Kane in Canadiens zone.
3:14 of 3rd period - Jonathan Toews is hit by Patrick Kane.
3:30 of 3rd period - Shot by Martin St. Louis.
3:30 of 3rd period - Shot Misses the Net.
3:32 of 3rd period - Shot by Patrick Kane.
3:32 of 3rd period - Deflect By Patrick Sharp.
3:32 of 3rd period - Shot Misses the Net.
3:34 of 3rd period - Shot by Patrick Kane.
3:34 of 3rd period - Stopped by Jonas Hiller without a rebound.
3:35 of 3rd period - Paul Stastny wins face-off versus Brandon Dubinsky in Canadiens zone.
3:38 of 3rd period - Shot by Teddy Purcell.
3:38 of 3rd period - Deflect By Petr Sykora.
3:38 of 3rd period - Shot Blocked by Marc-Edouard Vlasic.
3:55 of 3rd period - Minor Penalty to Dustin Byfuglien for Hooking.
3:56 of 3rd period - Jonathan Toews wins face-off versus Patrick Kane in Canadiens zone.
5:41 of 3rd period - Shot by Patrick Kane.
5:41 of 3rd period - Shot Misses the Net.
5:43 of 3rd period - Shot by Tim Gleason.
5:43 of 3rd period - Deflect By Patrick Sharp.
5:43 of 3rd period - Shot Misses the Net.
5:45 of 3rd period - Shot by Tim Gleason.
5:45 of 3rd period - Stopped by Jonas Hiller without a rebound.
5:46 of 3rd period - Jonathan Toews wins face-off versus Martin St. Louis in Canadiens zone.
7:03 of 3rd period - Jonathan Toews is hit by Paul Stastny and loses puck.
7:20 of 3rd period - Minor Penalty to Jordan Eberle for Hooking.
7:21 of 3rd period - Jonathan Toews wins face-off versus Patrick Sharp in Canadiens zone.
8:09 of 3rd period - Icing by Brent Seabrook.
8:10 of 3rd period - Boyd Gordon wins face-off versus Paul Stastny in Lightning zone.
8:29 of 3rd period - Shot by Paul Stastny.
8:29 of 3rd period - Deflect By Martin Havlat.
8:29 of 3rd period - Shot Misses the Net.
8:31 of 3rd period - Shot by Paul Stastny.
8:31 of 3rd period - Shot Misses the Net.
8:33 of 3rd period - Shot by Brent Seabrook.
8:33 of 3rd period - Stopped by Jonas Hiller without a rebound.
8:34 of 3rd period - Patrick Kane wins face-off versus Jonathan Toews in Canadiens zone.
8:35 of 3rd period - Shot by Brent Seabrook.
8:35 of 3rd period - Shot Blocked by Dennis Wideman.
9:27 of 3rd period - Shot by David Clarkson.
9:27 of 3rd period - Deflect By Andrei Kostitsyn.
9:27 of 3rd period - Shot Blocked by Josh Gorges.
9:29 of 3rd period - Shot by Alex Goligoski.
9:29 of 3rd period - Shot Misses the Net.
9:31 of 3rd period - Shot by Alex Goligoski.
9:31 of 3rd period - Shot Misses the Net.
9:52 of 3rd period - David Clarkson is hit by Josh Gorges.
11:04 of 3rd period - Shot by Jonathan Toews.
11:04 of 3rd period - Stopped by Jaroslav Halak without a rebound.
11:05 of 3rd period - Patrick Kane wins face-off versus Pavel Datsyuk in Lightning zone.
11:33 of 3rd period - Icing by Brent Seabrook.
11:34 of 3rd period - Jonathan Toews wins face-off versus Patrick Kane in Lightning zone.
11:35 of 3rd period - Shot by Logan Couture.
11:35 of 3rd period - Stopped by Jaroslav Halak without a rebound.
11:36 of 3rd period - Jonathan Toews wins face-off versus Paul Stastny in Lightning zone.
11:45 of 3rd period - Shot by Logan Couture.
11:45 of 3rd period - Stopped by Jaroslav Halak without a rebound.
11:46 of 3rd period - Patrick Kane wins face-off versus Jonathan Toews in Lightning zone.
12:01 of 3rd period - Shot by Patrick Kane.
12:01 of 3rd period - Deflect By Martin St. Louis.
12:01 of 3rd period - Shot Misses the Net.
12:49 of 3rd period - Shot by Scott Hartnell.
12:49 of 3rd period - Shot Misses the Net.
12:51 of 3rd period - Shot by Tomas Plekanec.
12:51 of 3rd period - Stopped by Jonas Hiller without a rebound.
12:52 of 3rd period - Paul Stastny wins face-off versus Pavel Datsyuk in Canadiens zone.
13:15 of 3rd period - Off-side.
13:16 of 3rd period - Boyd Gordon wins face-off versus Tomas Plekanec in neutral zone.
13:26 of 3rd period - Off-side.
13:27 of 3rd period - Pavel Datsyuk wins face-off versus Patrick Kane in neutral zone.
13:31 of 3rd period - Shot by Pascal Dupuis.
13:31 of 3rd period - Stopped by Jaroslav Halak without a rebound.
13:32 of 3rd period - Jonathan Toews wins face-off versus Patrick Kane in Lightning zone.
14:01 of 3rd period - Shot by Jordan Eberle.
14:01 of 3rd period - Shot Blocked by Patrick Sharp.
14:58 of 3rd period - Shot by Pascal Dupuis.
14:58 of 3rd period - Shot Misses the Net.
15:00 of 3rd period - Shot by Marc-Edouard Vlasic.
15:00 of 3rd period - Shot Misses the Net.
15:08 of 3rd period - Shot by Pascal Dupuis.
15:08 of 3rd period - Stopped by Jaroslav Halak without a rebound.
15:09 of 3rd period - Petr Sykora wins face-off versus Boyd Gordon in Lightning zone.
15:46 of 3rd period - Shot by Boyd Gordon.
15:46 of 3rd period - Stopped by Jaroslav Halak without a rebound.
15:47 of 3rd period - Pavel Datsyuk wins face-off versus Patrick Kane in Lightning zone.
15:54 of 3rd period - Shot by Andy McDonald.
15:54 of 3rd period - Stopped by Jaroslav Halak with a rebound.
16:52 of 3rd period - Icing by Marc-Edouard Vlasic.
16:53 of 3rd period - Pavel Datsyuk wins face-off versus Paul Stastny in Canadiens zone.
18:04 of 3rd period - Minor Penalty to David Clarkson for Tripping.
18:05 of 3rd period - Jonathan Toews wins face-off versus Patrick Kane in Canadiens zone.
18:05 of 3rd period - Jonathan Toews is hit by Martin St. Louis.
18:15 of 3rd period - Brent Seabrook is hit by Jonathan Toews and loses puck.
19:29 of 3rd period - Shot by Martin Havlat.
19:29 of 3rd period - Shot Misses the Net.


Output by the SimonT Hockey Simulator (STHS) for Stephane Roy -- Original Page W3C XHTML 1.0 Valid
Hockey Simulator - Hockey Simulation - Hockey Manager